 Dungeon Crawl Stone Soup version 0.30.0-29-ga12c61a403 (webtiles) character file.

Game seed: 16947179719144726042

4169 Fodor the Basher (level 10, 0/86 HPs)
             Began as a Minotaur Fighter on June 17, 2023.
             Was an Initiate of Trog.
             Slain by a +4 broad axe of flaming (4 damage)
             ... created by the rancor of the Wu Jian Council
             ... on level 8 of the Dungeon on June 18, 2023.
             The game lasted 00:48:48 (8675 turns).

Fodor the Basher (Minotaur Fighter)                 Turns: 8675, Time: 00:48:49

Health: 0/86       AC: 22    Str: 29    XL:     10   Next: 7%
Magic:  18/18      EV: 10    Int:  5    God:    Trog [......]
Gold:   476        SH:  5    Dex: 11    Spells: 9/9 levels left

rFire   . . .        z - +11 flail of the Sharing Boar {freeze, rPois rCorr MP+9 Str+5}
rCold   . . .        c - +0 buckler
rNeg    . . .        b - +6 chain mail
rPois   +            (helmet restricted)
rElec   .            (no cloak)
rCorr   +            k - +2 pair of gloves
SInv    .            F - +0 pair of boots
Will    +....        u - amulet of the acrobat Stlth
                     y - ring of willpower
HPRegen 0.34/turn    (no ring)
MPRegen 0.16/turn

%: acrobat
@: no status effects
A: horns 2, retaliatory headbutt
a: Renounce Religion


You were on level 8 of the Dungeon.
You worshipped Trog.
Trog was noncommittal.
You visited 2 branches of the dungeon, and saw 9 of its levels.

You collected 548 gold pieces.
You spent 72 gold pieces at shops.

Inventory:

Hand Weapons
 v - the +7 quarterstaff of the Shallot {venom, Str+5}
   (You found it on level 6 of the Dungeon)

   Str:       It affects your strength (+5).
 z - the +11 flail of the Sharing Boar (weapon) {freeze, rPois rCorr MP+9 Str+5}
   (You took it off a kobold brigand on level 4 of the Dungeon)

   Str:       It affects your strength (+5).
   rPois:     It protects you from poison.
   MP:        It affects your magic capacity (+9).
   rCorr:     It protects you from acid and corrosion.
 A - a +4 whip
 C - a +0 shortbow
Missiles
 f - 63 stones
 t - 8 boomerangs
 x - 11 poisoned darts (quivered)
 B - 6 atropa-tipped darts
Armour
 b - a +6 chain mail (worn)
 c - a +0 buckler (worn)
 k - a +2 pair of gloves (worn)
 F - a +0 pair of boots (worn)
Jewellery
 j - a ring of magical power
 m - a ring of protection from fire
 u - an amulet of the acrobat (around neck)
 y - a ring of willpower (left hand)
 H - a ring of flight
Wands
 o - a wand of flame (3)
 D - a wand of charming (11)
 E - a wand of iceblast (13)
Scrolls
 h - 4 scrolls of fear
 n - a scroll of silence
 p - 4 scrolls of magic mapping
 q - 3 scrolls of teleportation
 r - 3 scrolls of vulnerability
 s - 3 scrolls of poison
 G - a scroll of fog {unknown}
 I - a scroll of amnesia {unknown}
 J - a scroll of immolation {unknown}
Potions
 a - 2 potions of heal wounds {unknown}
 d - 2 potions of might
 e - 3 potions of attraction {unknown}
 g - a potion of invisibility
 i - 8 potions of curing
 l - 2 potions of lignification
 w - 4 potions of ambrosia


   Skills:
 + Level 7.0 Fighting
 + Level 4.6(5.5) Short Blades
 + Level 5.0(6.0) Long Blades
 + Level 9.3 Maces & Flails
 + Level 1.0 Throwing
 + Level 9.3 Armour
 + Level 3.0 Dodging
 + Level 1.2 Stealth
 + Level 7.3 Shields


You had 9 spell levels left.
You didn't know any spells.
Your spell library contained the following spells:

 Spells                   Type           Power      Damage    Failure   Level
 Sting                    Tmut/Pois      0%         1d3       91%         1
 Ensorcelled Hibernation  Hex/Ice        0%         N/A       97%         2
 Passwall                 Tmut/Erth      0%         N/A       97%         2
 Poisonous Vapours        Pois/Air       0%         N/A       97%         2
 Spider Form              Tmut/Pois      0%         N/A       99%         3
 Swiftness                Air            0%         N/A       99%         3
 Tukima's Dance           Hex            0%         N/A       99%         3
 Anguish                  Hex/Necr       0%         N/A       100%        4
 Olgreb's Toxic Radiance  Pois           0%         N/A       100%        4
 Passage of Golubria      Tloc           0%         N/A       100%        4
 Yara's Violent Unravell  Hex/Tmut       0%         3d3       100%        5


Dungeon Overview and Level Annotations

Branches:
Dungeon (8/15)             Temple (1/1) D:5
   Lair: D:8-11

Altars:
Ashenzari
Cheibriados
Dithmenos
Elyvilon
Fedhas
Gozag
Hepliaklqana
Kikubaaqudgha
Makhleb
Nemelex Xobeh
Okawaru
Qazlal
Ru
Sif Muna
Trog
Uskayaw
Vehumet
Wu Jian
Yredelemnul

Shops:
D:5 ?   D:7 (


Innate Abilities, Weirdness & Mutations

You have a pair of horns on your head.
You reflexively headbutt those who attack you in melee.


Message History

The barbs in your skin will harm you if you move.
Continue?
The barbed spikes dig painfully into your body as you move.
There is an open door here.
The barbed spikes dig painfully into your body as you move.
The barbed spikes dig painfully into your body as you move.
The +2 great sword of speed hits you but does no damage.
There is an open door here.
You hit the +4 heavy quarterstaff.
The +4 heavy quarterstaff is heavily damaged.
The +4 heavy quarterstaff hits you!
You block the +4 broad axe of flaming's attack.
The +2 great sword of speed hits you but does no damage.
You closely miss the +4 heavy quarterstaff.
Your headbutt misses the +4 heavy quarterstaff.
The +4 heavy quarterstaff is moderately damaged.
The +2 great sword of speed closely misses you.
You furiously retaliate!
You headbutt the +2 great sword of speed!
You closely miss the +4 heavy quarterstaff.
The +4 heavy quarterstaff is moderately damaged.
The +4 broad axe of flaming hits you! The +4 broad axe of flaming burns you.
The +4 heavy quarterstaff hits you but does no damage.
You thump the +4 heavy quarterstaff! You freeze the +4 heavy quarterstaff.
You destroy the +4 heavy quarterstaff!
That felt strangely unrewarding.
The +2 great sword of speed hits you but does no damage.
You closely miss the +3 quarterstaff of flaming.
You headbutt the +3 quarterstaff of flaming.
The +3 quarterstaff of flaming is heavily damaged.
You block the +4 broad axe of flaming's attack.
The +3 quarterstaff of flaming hits you.
The +3 quarterstaff of flaming burns you.
The +2 great sword of speed hits you!!
* * * LOW HITPOINT WARNING * * *
You feel better.
You carefully extract the barbed spikes from your body.
The +4 broad axe of flaming hits you!
* * * LOW HITPOINT WARNING * * *
The +4 broad axe of flaming burns you.
You die...

... ...... #......
#..... ##.....
....# ###### ....+
#....# ....# #....#
....###+########@##
##.............(((#
#................#
#................#
#................#
#................#
#................#
#................#
####'##'###########


You could see 3 dancing weapons.

Vanquished Creatures
  A two-headed ogre (D:8)
  14 dancing weapons (D:8)
  A wyvern (D:7)
  3 water moccasins (D:7)
  Edmund (D:6)
  3 ice beasts
  An orc warrior (D:7)
  A sky beast (D:7)
  2 centaurs
  2 kobold brigands (D:4)
  A gnoll sergeant (D:6)
  A bullfrog (D:7)
  4 scorpions
  6 killer bees (D:8)
  2 howler monkeys (D:4)
  A crimson imp (D:5)
  8 hounds
  A jelly (D:6)
  5 orc priests
  Crazy Yiuf (D:6)
  2 sleepcaps
  4 iguanas
  10 orc wizards
  Natasha (thrice) (D:3)
  27 gnolls
  8 adders
  2 shadow imps
  2 white imps
  5 ufetubi
  A worm (D:3)
  A dart slug (D:1)
  47 orcs
  5 bats
  13 endoplasms
  12 giant cockroaches
  3 goblins (D:4)
  10 hobgoblins
  15 jackals
  4 kobolds
  2 quokkas
  8 ball pythons
  10 frilled lizards
  5 rats
258 creatures vanquished.

Vanquished Creatures (others)
  A jackal (D:4)
  A ball python (D:4)
2 creatures vanquished.

Grand Total: 260 creatures vanquished

Notes
Turn   | Place    | Note
-------+----------+-------------------------------------------
     0 | D:1      | Fodor the Minotaur Fighter began the quest for the Orb.
     0 | D:1      | Reached XP level 1. HP: 19/19 MP: 0/0
     1 | D:1      | Found a runed translucent door.
    38 | D:1      | Reached XP level 2. HP: 12/27 MP: 1/1
   350 | D:1      | Reached XP level 3. HP: 31/33 MP: 2/2
   997 | D:2      | Reached XP level 4. HP: 33/40 MP: 3/3
  1133 | D:2      | Identified the +3 leather armour of the Harp {Will- rCorr
                  | Str+2}
  1781 | D:3      | Reached skill level 5 in Armour
  1781 | D:3      | Reached XP level 5. HP: 46/46 MP: 4/4
  1807 | D:3      | Noticed Natasha
  1813 | D:3      | Killed Natasha
  1870 | D:3      | Noticed Natasha
  1877 | D:3      | Killed Natasha
  2052 | D:3      | Noticed Natasha
  2071 | D:3      | Killed Natasha
  2657 | D:3      | Identified the +1 robe of Vlad {rPois Will+ Str+4}
  2707 | D:4      | Reached skill level 1 in Short Blades
  2707 | D:4      | Reached XP level 6. HP: 46/52 MP: 5/5
  2712 | D:4      | Reached skill level 1 in Dodging
  2721 | D:4      | Reached skill level 5 in Long Blades
  2971 | D:4      | Reached skill level 5 in Shields
  2983 | D:4      | Reached XP level 7. HP: 57/59 MP: 6/6
  3596 | D:4      | Found a sparkling altar of Nemelex Xobeh.
  3698 | D:4      | Identified the +11 flail of the Sharing Boar {freeze, rPois
                  | rCorr MP+9 Str+5}
  4164 | D:5      | Entered Level 5 of the Dungeon
  4180 | D:5      | Found Riomew's Magic Scroll Boutique.
  4198 | D:5      | Bought a scroll of identify for 24 gold pieces
  4198 | D:5      | Bought a scroll of identify for 24 gold pieces
  4198 | D:5      | Bought a scroll of identify for 24 gold pieces
  4297 | D:5      | Reached XP level 8. HP: 61/67 MP: 7/7
  4306 | D:5      | Reached skill level 1 in Maces & Flails
  4311 | D:5      | Reached skill level 5 in Fighting
  4603 | D:5      | Found a staircase to the Ecumenical Temple.
  4618 | Temple   | Entered the Ecumenical Temple
  5080 | Temple   | Became a worshipper of the Wu Jian Council
  5234 | D:5      | Found a burning altar of Makhleb.
  5975 | D:6      | Identified the +7 quarterstaff of the Shallot {venom,
                  | Str+5}
  6046 | D:6      | Noticed Edmund
  6052 | D:6      | Killed Edmund
  6077 | D:6      | Reached skill level 1 in Stealth
  6102 | D:6      | Reached skill level 5 in Maces & Flails
  6254 | D:6      | Found an iron altar of Okawaru.
  6262 | D:6      | Reached * piety under Wu Jian
  6357 | D:6      | Reached XP level 9. HP: 75/75 MP: 8/8
  6406 | D:6      | Identified the +2 chain mail "Kempuici" {Str+5}
  6494 | D:6      | Found a runed translucent door.
  6495 | D:6      | Noticed Crazy Yiuf
  6501 | D:6      | Killed Crazy Yiuf
  6952 | D:7      | Found Lerch's Antique Weapon Boutique.
  7471 | D:7      | Reached ** piety under Wu Jian
  7603 | D:7      | Found a bloodstained altar of Trog.
  7621 | D:7      | Fell from the grace of Wu Jian
  7621 | D:7      | Became a worshipper of Trog the Wrathful
  7627 | D:7      | Found a radiant altar of Vehumet.
  7627 | D:7      | Found a stormy altar of Qazlal.
  7645 | D:7      | Found a sacrificial altar of Ru.
  7649 | D:7      | Found an opulent altar of Gozag.
  8187 | D:8      | Noticed a two-headed ogre
  8194 | D:8      | Killed a two-headed ogre
  8195 | D:8      | Reached skill level 1 in Throwing
  8195 | D:8      | Reached XP level 10. HP: 63/84 MP: 9/9
  8505 | D:8      | HP: 3/86 [+4 heavy great sword[the rancor of the Wu Jian
                  | Council] (15)]
  8675 | D:8      | HP: 4/86 [+4 broad axe of flaming[the rancor of the Wu Jian
                  | Council] (9)]
  8675 | D:8      | Slain by a +4 broad axe of flaming

Illustrated notes

Levels and vault maps discovered:
D:1:      dpeg_arrival_caged_fury, layout_loops_ring,
          minmay_misc_feat_nine_boxes, minmay_quantized
D:2:      layout_rooms, minmay_lizard_king
D:3:      layout_basic, roderic_lattice_a, uniq_natasha
D:4:      lemuel_castle_with_subvaults [lemuel_castle_interior_carwin_2],
          layout_basic, nemelex_dance_club_becter, dk_noncrumbling_4,
          minmay_misc_feat_cross
D:5:      layout_loops_corners, makhleb_grotto_becter,
          minmay_temple_entry_butterflies, serial_shops, shop_scrolls
D:6:      layout_basic, mainiacjoe_overflow_chevrons,
          chequers_serial_rivers_micro_e, uniq_edmund, uniq_crazy_yiuf_cottage
D:7:      layout_loops_corners, minmay_overflow_temple_star_hex, serial_shops,
          shop
D:8:      layout_gridville, nicolae_overflow_crystal_walls, uniq_prince_ribbit1
Temple:   grunt_temple_mini_profane

Skill      XL: |  1  2  3  4  5  6  7  8  9 10 |
---------------+-------------------------------+-----
Shields        | 4 5 6 7 |  7.3
Armour         | 4 5 6 7 9 |  9.3
Long Blades    | 3 4 5 |  5.0
Fighting       | 4 5 6 7 |  7.0
Short Blades   | 1 2 4 |  4.6
Dodging        | 1 2 3 |  3.0
Maces & Flails | 5 9 |  9.3
Stealth        | 1 |  1.2
Throwing       | 1 |  1.0

Action                     |  1- 3 |  4- 6 |  7- 9 | 10-12 || total
---------------------------+-------+-------+-------+-------++-------
  Melee: Long sword        |   112 |    40 |       |       ||   152
         Headbutt          |    11 |    23 |    56 |     9 ||    99
         Dagger            |       |   182 |   158 |       ||   340
         Flail             |       |       |   197 |    30 ||   227
  Throw: Dart              |       |     4 |     3 |       ||     7
         Stone             |       |     1 |       |       ||     1
Ability: Lunge             |       |       |    17 |       ||    17
         Whirlwind         |       |       |     6 |       ||     6
  Evoke: Wand              |       |       |       |     2 ||     2
    Use: Scroll            |       |     6 |     8 |       ||    14
         Potion            |       |       |       |     1 ||     1
 Armour: Scale mail        |    33 |       |       |       ||    33
         Chain mail        |    25 |   137 |   158 |    32 ||   352
  Dodge: Dodged            |    52 |   117 |   151 |    26 ||   346
  Block: Buckler           |    27 |    31 |    76 |    11 ||   145
